 Dungeon Crawl Stone Soup version 0.24.0-13-gcf9b3192b9 (webtiles) character file.

Game seed: 7829153622761221031, levelgen mode: deterministic

688795 Midas the Bludgeoner (level 27, -48/201 HPs)
             Began as a Formicid Warper on Nov 10, 2019.
             Was the Champion of Ru.
             Annihilated by a juggernaut (60 damage)
             ... on level 5 of the Realm of Zot.
             The game lasted 04:07:24 (84739 turns).

Midas the Bludgeoner (Formicid Warper)             Turns: 84739, Time: 04:07:25

Health: -48/201    AC: 26    Str: 32    XL:     27
Magic:  31/37      EV:  8    Int: 18    God:    Ru [******]
Gold:   6989       SH: 29    Dex:  8    Spells: 32/46 levels left

rFire    + + .     SeeInvis +   S - +8 battleaxe "Itidytepp" {vamp, +Inv MR++}
rCold    + + .     Gourm    .   v - +2 large shield {AC+3}
rNeg     + . .     Faith    .   D - +3 gold dragon scales
rPois    +         Spirit   .   (helmet unavailable)
rElec    .         Reflect  +   g - +0 cloak "Naeffeh" {rPois rF+ Str+3 Stlth+}
rCorr    +         Harm     .   c - +2 pair of gloves
MR       ++++.     Clarity  +   O - +0 pair of boots of the Teacher {*Contam rC+ rCorr}
Stlth    ..........             z - +4 amulet of reflection
HPRegen  0.43/turn              J - ring of protection from fire
MPRegen  0.25/turn              p - ring of Eclyjuol {rC+ rN+}

@: mighty, exhausted, no scrolls, drained
A: permanent stasis, dig shafts and tunnels, four strong arms, antennae 3,
iridescent scales 1, thin skeletal structure 1, blurry vision 1, clarity, clumsy
2, deformed body, frail 1, inability to read while threatened, reduced AC 1,
temperature sensitive
}: 4/15 runes: serpentine, barnacled, slimy, silver
a: Dig, Shaft Self, Draw Out Power, Power Leap, Apocalypse, Renounce Religion,
Evoke Invisibility


You were on level 5 of the Realm of Zot.
You worshipped Ru.
Ru was exalted by your worship.
You were not hungry.

You visited 11 branches of the dungeon, and saw 55 of its levels.
You also visited: Ice Cave.

You collected 8924 gold pieces.
You spent 1935 gold pieces at shops.

Inventory:

Hand Weapons
 G - a +9 great mace of freezing
 S - the +8 battleaxe "Itidytepp" (weapon) {vamp, +Inv MR++}
   (You found it on level 4 of the Shoals)

   It inflicts no extra harm, but heals its wielder when it wounds a living foe.
   It affects your resistance to hostile enchantments.
   It lets you turn invisible.
 U - the +6 arbalest "Damnation" {damnation}
   (You took it off a vampire knight on level 3 of the Depths)
Missiles
 e - 13 boomerangs of dispersal
 w - 492 bolts
 I - 5 throwing nets (quivered)
Armour
 c - a +2 pair of gloves (worn)
 g - the +0 cloak "Naeffeh" (worn) {rPois rF+ Str+3 Stlth+}
   (You bought it in a shop on level 2 of the Orcish Mines)

   It affects your strength (+3).
   It protects you from fire.
   It protects you from poison.
   It makes you more stealthy.
 v - a +2 large shield of protection (worn)
 D - +3 gold dragon scales (worn)
 O - the +0 pair of boots of the Teacher (worn) {*Contam rC+ rCorr}
   (You acquired it on level 2 of the Orcish Mines)

   It protects you from cold.
   It causes magical contamination when unequipped.
   It provides partial protection from all sources of acid and corrosion.
 W - a +9 crystal plate armour of cold resistance
Jewellery
 i - the ring of Robustness {AC+8}
   (You found it on level 6 of the Dungeon)

   [ring of protection]

   It affects your AC (+8).
 p - the ring of Eclyjuol (right hand) {rC+ rN+}
   (You acquired it on level 2 of the Elven Halls)

   [ring of positive energy]

   It protects you from cold.
   It protects you from negative energy.
 z - a +4 amulet of reflection (around neck)
 J - a ring of protection from fire (left hand)
Wands
 n - a wand of acid (32)
 u - a wand of paralysis (31)
 Q - a wand of digging (36)
 R - a wand of iceblast (40)
Scrolls
 b - 3 scrolls of holy word
 h - 6 scrolls of vulnerability
 k - 2 scrolls of silence
 l - 24 scrolls of remove curse
 m - 7 scrolls of fog
 s - 7 scrolls of noise
 t - 7 scrolls of immolation
 y - 10 scrolls of amnesia
 C - 6 scrolls of identify
 V - a scroll of summoning
 Y - 7 scrolls of magic mapping
 Z - 3 scrolls of fear
Potions
 a - 2 potions of invisibility
 j - 14 potions of curing
 o - 15 potions of flight
 q - 2 potions of magic
 r - 3 potions of cancellation
 A - 5 potions of resistance
 B - 2 potions of ambrosia
 F - a potion of mutation
 H - 8 potions of lignification
 M - 2 potions of might
 T - 4 potions of agility
 X - 4 potions of brilliance
Miscellaneous
 d - 3 boxes of beasts
 x - 3 phantom mirrors
 E - a lamp of fire
 K - a lightning rod (4/4)
 L - a phial of floods
 P - 2 sacks of spiders
Comestibles
 f - 45 rations


   Skills:
 - Level 20.0(18.9) Fighting
 - Level 17.1(19.5) Axes
 - Level 20.0(20.9) Maces & Flails
 - Level 1.0(0.3) Throwing
 - Level 20.0(18.9) Armour
 - Level 1.7(1.0) Dodging
 - Level 20.0(18.9) Shields
 - Level 10.0(9.1) Spellcasting
 - Level 12.0(11.0) Charms
 + Level 18.8(17.8) Necromancy
   Level 2.6(1.9) Translocations
 + Level 18.8(17.7) Ice Magic
 - Level 15.0(14.0) Evocations


You had 32 spell levels left.
You knew the following spells:

 Your Spells              Type           Power        Failure   Level  Hunger
a - Song of Slaying       Chrm           #####...     1%          2    None
b - Simulacrum            Ice/Necr       ######....   9%          6    ######.
c - Death Channel         Necr           ######....   9%          6    ######.

Your spell library contained the following spells:

 Spells                   Type           Power        Failure   Level  Hunger
 Animate Skeleton         Necr           N/A          1%          1    None
 Infusion                 Chrm           ####         1%          1    None
 Sublimation of Blood     Necr           ######....   1%          2    None
 Animate Dead             Necr           N/A          1%          4    ###....
 Dispel Undead            Necr           ######..     1%          5    #####..
 Ensorcelled Hibernation  Hex/Ice        #####.       3%          2    None
 Excruciating Wounds      Chrm/Necr      ######....   6%          5    #####..
 Shroud of Golubria       Chrm/Tloc      ####..       9%          2    None
 Ozocubu's Refrigeration  Ice            ######....   9%          6    ######.
 Swiftness                Chrm/Air       ####....     13%         2    None
 Spectral Weapon          Hex/Chrm       ####....     26%         3    None
 Apportation              Tloc           ###...       36%         1    None
 Borgnjor's Vile Clutch   Necr/Erth      #####.....   52%         5    #####..
 Metabolic Englaciation   Hex/Ice        #####.....   52%         5    #####..
 Confusing Touch          Hex            #.....       63%         1    None
 Corona                   Hex            #......      63%         1    None
 Flame Tongue             Conj/Fire      #....        63%         1    None
 Magic Dart               Conj           #...         63%         1    None
 Sandblast                Erth           #.....       63%         1    None
 Shock                    Conj/Air       #...         63%         1    None
 Sting                    Conj/Pois      #...         63%         1    None
 Summon Butterflies       Summ           #.......     63%         1    None
 Summon Small Mammal      Summ           #...         63%         1    None
 Gell's Gravitas          Tloc           ###.......   73%         3    None
 Lesser Beckoning         Tloc           ###.......   73%         3    None
 Teleport Other           Tloc           ###.....     73%         3    None
 Call Imp                 Summ           #.......     77%         2    None
 Passwall                 Tmut/Erth      #.......     77%         2    None
 Poisonous Vapours        Pois/Air       #.....       77%         2    None
 Searing Ray              Conj           #.....       77%         2    None
 Slow                     Hex            #.......     77%         2    None
 Throw Flame              Conj/Fire      #.....       77%         2    None
 Portal Projectile        Hex/Tloc       ##....       86%         3    None
 Recall                   Summ/Tloc      N/A          86%         3    None
 Confuse                  Hex            #.......     94%         3    None
 Conjure Flame            Conj/Fire      #.......     94%         3    None
 Dazzling Spray           Conj/Hex       #.....       94%         3    None
 Ignite Poison            Fire/Tmut/Pois #.......     94%         3    None
 Inner Flame              Hex/Fire       #.......     94%         3    None
 Mephitic Cloud           Conj/Pois/Air  #.......     94%         3    None
 Static Discharge         Conj/Air       #.......     94%         3    None
 Stone Arrow              Conj/Erth      #.....       94%         3    None
 Summon Guardian Golem    Hex/Summ       #.......     94%         3    None
 Tukima's Dance           Hex            #.......     94%         3    None
 Iskenderun's Battlesphe  Conj/Chrm      ####....     94%         5    #####..
 Passage of Golubria      Tloc           N/A          98%         4    ###....
 Borgnjor's Revivificati  Necr           ######....   98%         8    #######
 Infestation              Necr           ######....   98%         8    #######
 Force Lance              Conj/Tloc      ##......     99%         4    ###....
 Airstrike                Air            #.........   100%        4    ###....
 Cause Fear               Hex            #.........   100%        4    ###....
 Fulminant Prism          Conj/Hex       #.........   100%        4    ###....
 Iskenderun's Mystic Bla  Conj           #.......     100%        4    ###....
 Leda's Liquefaction      Hex/Erth       #.........   100%        4    ###....
 Olgreb's Toxic Radiance  Pois           #.......     100%        4    ###....
 Petrify                  Tmut/Erth      #.......     100%        4    ###....
 Sticky Flame             Conj/Fire      #.......     100%        4    ###....
 Alistair's Intoxication  Tmut/Pois      #.......     100%        5    #####..
 Blade Hands              Tmut           #.........   100%        5    #####..
 Bolt of Magma            Conj/Fire/Erth #.........   100%        5    #####..
 Fireball                 Conj/Fire      #.........   100%        5    #####..
 Irradiate                Conj/Tmut      #.........   100%        5    #####..
 Lee's Rapid Deconstruct  Erth           #.........   100%        5    #####..
 Lightning Bolt           Conj/Air       #.........   100%        5    #####..
 Silence                  Hex/Air        #.........   100%        5    #####..
 Summon Mana Viper        Hex/Summ       #.......     100%        5    #####..
 Venom Bolt               Conj/Pois      #.........   100%        5    #####..
 Yara's Violent Unravell  Hex/Tmut       #.........   100%        5    #####..
 Bolt of Fire             Conj/Fire      #.........   100%        6    ######.
 Darkness                 Hex            #.........   100%        6    ######.
 Deflect Missiles         Chrm/Air       ####......   100%        6    ######.
 Dispersal                Tloc           ###.......   100%        6    ######.
 Hydra Form               Tmut           #.........   100%        6    ######.
 Iron Shot                Conj/Erth      #.........   100%        6    ######.
 Shadow Creatures         Summ           N/A          100%        6    ######.
 Statue Form              Tmut/Erth      #........    100%        6    ######.
 Dragon Form              Tmut           #.........   100%        7    #######
 Haunt                    Necr/Summ      #####.....   100%        7    #######
 Orb of Destruction       Conj           #.........   100%        7    #######
 Ring of Flames           Chrm/Fire      ####......   100%        7    #######
 Spellforged Servitor     Conj/Summ      #.........   100%        7    #######
 Death's Door             Chrm/Necr      ######....   100%        8    #######
 Disjunction              Tloc           ###.......   100%        8    #######
 Ignition                 Fire           #.........   100%        8    #######
 Necromutation            Tmut/Necr      #####.....   100%        8    #######
 Blink                    Tloc           Unusable     N/A         2    N/A
 Controlled Blink         Tloc           Unusable     N/A         8    N/A

Dungeon Overview and Level Annotations

Branches:
Dungeon (15/15)            Temple (1/1) D:6            Lair (6/6) D:8
 Shoals (4/4) Lair:4        Snake (4/4) Lair:2        Slime (5/5) Lair:6
    Orc (2/2) D:9             Elf (3/3) Orc:2        Vaults (5/5) D:14
  Crypt (0/3) Vaults:3     Depths (5/5) D:15            Zot (5/5) Depths:5
  IceCv (visited)

Altars:
Ashenzari
Cheibriados
Dithmenos
Elyvilon
Fedhas
Gozag
Hepliaklqana
Kikubaaqudgha
Makhleb
Nemelex Xobeh
Okawaru
Qazlal
Ru
Sif Muna
Trog
Uskayaw
Vehumet
Wu Jian
Xom
Yredelemnul
Zin
The Shining One

Shops:
D:10 [   Orc:2 %?=[   Elf:2 [*}?[   Shoals:1 [   Shoals:4 %   Snake:2 }
Vaults:1 !   Vaults:3 }   Vaults:4 (   Depths:1 ==}

Portals:
Hell: Depths:1 Depths:2 Depths:3 Depths:4 Depths:5
Abyss: Depths:4
Pandemonium: Depths:3 Depths:5
Ziggurat: Depths:4
Trove: D:12 (show abyssal rune of Zot)

Annotations:
D:3 2 runed translucent doors, Linguinho's ghost, amateur TrFi
D:9 3 runed translucent doors, Xuwilil's ghost, novice GnFi
D:14 need flight
Lair:4 1 runed translucent door, Laummuim's ghost, journeyman FeFi
Snake:4 exclusion: door
Orc:1 3 runed translucent doors, Vol Vuv's ghost, journeyman DEFE; lis82's ghost, journeyman DgFE
Elf:2 1 runed translucent door


Innate Abilities, Weirdness & Mutations

You cannot be hasted, slowed, berserked, paralysed or teleported.
You can dig through walls and to a lower floor.
Your four strong arms can wield two-handed weapons with a shield.
You have a pair of large antennae on your head. (SInv)
You are frail. (-10% HP)
You cannot read scrolls while threatened.
You take slightly more damage. (AC -5)
You are sensitive to extremes of temperature. (rF-, rC-)
You are partially covered in iridescent scales. (AC +2)
You have a somewhat thin skeletal structure. (Dex +2, Stealth)
Scrolls take you a little longer to read.
You possess an exceptional clarity of mind.
You are very clumsy. (Dex -4)
Armour fits poorly on your strangely shaped body.


Message History

The electric golem shocks your elder oxfire beast!!
The electric golem hits your elder oxfire beast but does no damage.
The electric golem hits your elder oxfire beast.
The electric golem barely misses your elder oxfire beast.
Your elder oxfire beast breathes flames at the electric golem.
The blast of flame hits the electric golem!!
The electric golem resists.
The electric golem hurls lightning at your elder oxfire beast.
The bolt of lightning hits your elder oxfire beast!!
Your elder oxfire beast dies!
Your elder oxfire beast's corpse disappears in a puff of smoke!
The bolt of lightning hits you!
* * * LOW HITPOINT WARNING * * *
The electric golem begins to attack, but is stunned by your will!
Evoke which item? (* to show all) (? for menu, Esc to quit)
Okay, then.
You feel better.
The electric golem crackles and sizzles.
The juggernaut hits you!!!
You die...

*....................# ##.......
*^...................# #.......
*....................# ##.......
*.....^..............# #........
*...!................# ##........
*.^......)...........###...).....
*#.......)..........###...#######
*#....^..§8......^##....##
##....§......C@..)...###
▓▓....)##▓▓▓▓▓▓▓▓▓▓▓#
*▓.............,,****
*▓..............,,,,,***
*▓..........{.*..,,,,,,,**
*..............^.,,,,,,,,* ******
*............§...,,,,{,,,***,,,,,
**...^.......8.D.,,,,,,,,**,,,,,,
*▓.........X....,,,,,,,,*,,,,,,,


You could see a juggernaut and an electric golem.

Vanquished Creatures
  the Royal Jelly (Slime:5)
  3 orbs of fire
  2 ancient liches (Zot:5)
  2 juggernauts (Depths:4)
  Sojobo (Depths:2)
  Bai Suzhen (Shoals:4)
  2 Killer Klowns (Zot:5)
  Vashnia (Snake:3)
  Saint Roka (Vaults:4)
  A curse toe (Zot:5)
  Xtahua (Depths:4)
  A caustic shrike (Depths:4)
  19 golden dragons
  A bone dragon (Zot:3)
  12 tentacled monstrosities
  Rupert (Vaults:2)
  9 Orb Guardians (Zot:5)
  3 liches
  Asterion (Vaults:2)
  24 acid blobs
  4 deep elf blademasters (Elf:3)
  4 krakens (Shoals:3)
  4 titans (Vaults:5)
  6 quicksilver dragons
  6 death cobs
  2 deep elf master archers (Elf:3)
  Gastronok (Lair:2)
  An ancient champion (Vaults:2)
  Polyphemus (Shoals:3)
  3 sphinxes
  13 storm dragons
  11 shadow dragons
  9 tengu reavers
  10 fire giants
  16 draconian monks
  12 azure jellies
  10 nagarajas
  12 deep elf sorcerers
  12 draconian scorchers
  4 ghost moths
  2 iron dragons (Vaults:5)
  11 draconian knights
  13 frost giants
  4 draconian shifters
  18 vault wardens
  Louise (Shoals:3)
  4 deep elf elementalists
  11 draconian annihilators
  4 draconian stormcallers
  A caustic shrike skeleton (Depths:3)
  A spriggan defender (Depths:2)
  3 war gargoyles
  12 ironheart preservers
  5 entropy weavers
  18 very ugly things
  7 vampire knights
  23 stone giants
  15 deep elf annihilators
  17 black draconians
  13 purple draconians
  11 deep elf demonologists
  9 red draconians
  16 green draconians
  8 white draconians
  14 yellow draconians
  18 ettins
  4 merfolk javelineers
  16 spark wasps
  An eidolon (Vaults:3)
  2 jiangshi (Depths:5)
  9 death oozes
  8 deep elf death magi
  A blizzard demon (IceCv)
  5 merfolk impalers
  13 fire dragons
  18 yaktaur captains
  17 great orbs of eyes
  6 deep elf high priests
  6 rakshasas
  30 vault guards
  5 spriggan air magi
  Harold (D:8)
  A caustic shrike simulacrum (Depths:3)
  3 ghost crabs (Lair:4)
  12 naga warriors
  13 ice dragons
  4 hydras
  4 death knights
  2 merfolk avatars
  9 centaur warriors
  A catoblepas (shapeshifter) (Vaults:5)
  2 merfolk aquamancers
  Erica (Lair:2)
  18 ogre magi
  7 tengu warriors
  A two-headed ogre (shapeshifter) (Vaults:5)
  A catoblepas (Shoals:3)
  12 anacondas
  34 two-headed ogres
  8 deep troll shamans
  6 vampire magi
  5 death yaks
  10 deep troll earth magi
  32 dancing weapons
  6 orc high priests
  3 spriggan berserkers
  15 naga sharpshooters
  3 small abominations (Elf:3)
  A large abomination (Elf:3)
  19 deep elf knights
  4 shock serpents
  3 shadow wraiths
  8 iron trolls
  20 deep trolls
  20 sea snakes
  A fire crab (shapeshifter) (Depths:3)
  6 fire crabs (Lair:4)
  2 salamander mystics (Snake:4)
  11 skeletal warriors
  2 death drakes
  6 unseen horrors
  8 hell knights
  A spark wasp zombie (Depths:2)
  4 phantasmal warriors
  9 deep elf archers
  A swamp dragon (Zot:3)
  3 naga ritualists
  30 harpies
  2 flayed ghosts
  5 glowing orange brains
  3 lindwurms (Depths:5)
  10 wizards
  14 ironbrand convokers
  6 necromancers
  90 deep elf magi
  A golden dragon skeleton (Depths:3)
  A lindwurm (shapeshifter) (Depths:3)
  6 mana vipers
  22 orc knights
  A tengu zombie (Vaults:5)
  4 orc sorcerers
  16 fauns
  A fire giant zombie (Depths:2)
  54 ugly things
  4 wolf spiders
  5 shining eyes
  5 salamanders
  2 elephants (shapeshifter)
  21 moths of wrath
  17 manticores
  A cyclops (shapeshifter) (Vaults:5)
  3 merfolk sirens (Shoals:2)
  Maurice (D:8)
  7 cyclopes
  An apocalypse crab (Lair:4)
  A guardian serpent (Snake:4)
  2 eyes of devastation (Slime:5)
  7 water nymphs
  4 centaur zombies
  Joseph (D:9)
  2 ice statues (IceCv)
  33 black mambas
  A frost giant skeleton (Depths:2)
  A storm dragon simulacrum (Depths:3)
  7 spiny frogs
  A fire giant skeleton (Vaults:5)
  14 vault sentinels
  6 elephants (Lair:6)
  10 naga magi
  A torpor snail (shapeshifter) (Vaults:4)
  3 gargoyles
  3 centaur skeletons
  4 rime drakes
  52 yaktaurs
  2 kobold demonologists (D:15)
  6 komodo dragons
  A spark wasp simulacrum (Depths:2)
  An efreet (D:15)
  13 ice devils (IceCv)
  10 trolls
  3 freezing wraiths
  A troll (shapeshifter) (D:13)
  4 tengu conjurers
  A meliai (shapeshifter) (Elf:2)
  25 merfolk
  9 hornets
  6 meliai
  8 polar bears
  A jumping spider (Vaults:4)
  9 wind drakes
  13 hippogriffs
  66 slime creatures
  A raiju (shapeshifter) (Vaults:5)
  21 blink frogs
  10 dream sheep
  Grinder (D:2)
  12 snapping turtles
  A stone giant simulacrum (Vaults:1)
  6 redbacks
  An air elemental (Elf:3)
  3 shadows
  39 yaks
  7 wraiths
  2 wyverns
  A vampire (D:11)
  A redback (shapeshifter) (Depths:2)
  12 spriggans
  A wyvern (shapeshifter) (Vaults:4)
  An elf simulacrum (Depths:2)
  Sigmund (D:3)
  11 water elementals
  A basilisk (Lair:3)
  A basilisk (shapeshifter) (Depths:1)
  A human (D:14)
  6 fire elementals
  4 hungry ghosts
  A golden eye (Slime:5)
  Eustachio (Temple)
  Grum (D:8)
  Menkaure (D:5)
  2 wargs
  A yaktaur simulacrum (Vaults:5)
  47 nagas
  2 acid dragons
  A soldier ant (D:14)
  A floating eye (Depths:4)
  Duvessa (D:7)
  13 porcupines
  23 water moccasins
  A porcupine (shapeshifter) (D:13)
  A floating eye (shapeshifter) (Vaults:5)
  62 orc warriors
  4 sky beasts
  2 swamp drakes (Depths:5)
  2 black bears (Lair:6)
  4 eyes of draining
  7 phantoms
  7 ice beasts
  2 necrophages
  13 boggarts
  34 ogres
  30 wolves
  15 centaurs
  6 crocodiles
  23 bullfrogs
  3 big kobolds
  3 human simulacra
  An earth elemental (Elf:2)
  2 gnoll sergeants
  2 wyvern zombies
  Dowan (D:7)
  6 scorpions
  15 killer bees
  16 wights
  9 howler monkeys
  5 electric eels
  12 crimson imps
  4 quasits
  4 hounds
  4 jellies
  A gnoll shaman (D:5)
  35 orc priests
  28 orc wizards
  Jessica (D:3)
  Terence (D:2)
  5 iguanas
  15 worker ants
  A killer bee zombie (D:8)
  2 worker ant zombies
  A howler monkey zombie (D:6)
  An adder (shapeshifter) (Depths:3)
  9 gnolls
  15 adders
  4 shadow imps
  6 white imps (IceCv)
  7 ufetubi (IceCv)
  An ooze (D:3)
  An adder skeleton (D:6)
  2 worms (D:3)
  3 dart slugs
  10 leopard geckos
  111 orcs
  5 bats
  4 giant cockroaches
  14 goblins
  10 hobgoblins
  17 jackals
  24 kobolds
  10 quokkas
  6 ball pythons
  A frilled lizard (shapeshifter) (Depths:2)
  6 frilled lizards
  A giant cockroach zombie (D:5)
  A jackal zombie (D:8)
  A quokka skeleton (D:5)
  4 rats
  A spectral orc (D:6)
  3 crawling corpses (Elf:3)
  2 fungi
  A plant (Shoals:3)
  6 tentacles (Shoals:3)
2553 creatures vanquished.

Vanquished Creatures (collateral kills)
  A tentacled monstrosity (Zot:5)
  A draconian annihilator (Zot:5)
  A harpy (Shoals:2)
3 creatures vanquished.

Vanquished Creatures (others)
  Margery (Depths:4)
  A golden dragon (Zot:4)
  An Orb Guardian (Zot:5)
  2 acid blobs (Slime:5)
  A death cob (Zot:2)
  2 tengu reavers (Vaults:5)
  A storm dragon (Depths:3)
  A nagaraja (Snake:3)
  A deep elf sorcerer (Elf:3)
  A fire giant (Depths:4)
  A draconian knight (Zot:1)
  A draconian stormcaller (Zot:3)
  A very ugly thing (Depths:3)
  3 draconian annihilators
  A green draconian (Depths:5)
  A vampire knight (Depths:1)
  A slime creature (Vaults:1)
  2 stone giants
  An entropy weaver (Vaults:4)
  A spark wasp (Depths:4)
  A black draconian (Zot:3)
  A white draconian (Zot:4)
  An ettin (Vaults:5)
  7 yaktaur captains
  6 vault guards
  A rakshasa (Vaults:1)
  An ice dragon (Zot:2)
  A tengu warrior (Depths:4)
  3 centaur warriors
  A dancing weapon (Elf:2)
  2 two-headed ogres (Vaults:2)
  An ogre mage (Depths:2)
  A satyr (Shoals:2)
  A naga sharpshooter (Snake:3)
  A shadow wraith (Vaults:4)
  2 iron trolls
  A skeletal warrior (D:12)
  A deep troll (Vaults:1)
  2 deep elf archers
  A phantasmal warrior (Vaults:5)
  An orc knight (Orc:1)
  A harpy (Shoals:1)
  A manticore (Shoals:4)
  3 fauns
  A mana viper (Snake:4)
  A deep elf mage (Vaults:4)
  2 cyclopes
  A black mamba (Snake:3)
  17 yaktaurs
  A jumping spider (Vaults:5)
  A merfolk (Shoals:3)
  A hornet (Depths:5)
  A dream sheep (Shoals:3)
  A blink frog (Lair:3)
  A spriggan (Depths:5)
  A redback (Vaults:5)
  An acid dragon (Zot:3)
  A water moccasin (Lair:3)
  2 swamp drakes (Depths:5)
  2 centaurs
  2 killer bees (D:9)
  A crimson imp (D:5)
  An orc priest (D:9)
  An orc wizard (Orc:2)
  3 white imps (IceCv)
  2 ufetubi (IceCv)
  An orc (D:8)
  2 kobolds (D:15)
  A crawling corpse (Elf:3)
  14 fungi
  66 plants
  41 tentacles (Shoals:3)
  4 withered plants (Orc:1)
241 creatures vanquished.

Grand Total: 2797 creatures vanquished

Notes
Turn   | Place    | Note
-------+----------+-------------------------------------------
     0 | D:1      | Midas the Formicid Warper began the quest for the Orb.
     0 | D:1      | Reached XP level 1. HP: 16/16 MP: 3/3
   306 | D:1      | Reached XP level 2. HP: 21/22 MP: 5/5
  1115 | D:1      | Reached XP level 3. HP: 27/27 MP: 6/6
  1871 | D:2      | Found a shadowy altar of Dithmenos.
  2542 | D:2      | Reached XP level 4. HP: 32/33 MP: 7/7
  2973 | D:3      | Noticed a hippogriff
  3011 | D:3      | Found a sacrificial altar of Ru.
  3011 | D:3      | Found a blossoming altar of Fedhas.
  3011 | D:3      | Found an ancient bone altar of Kikubaaqudgha.
  3023 | D:3      | Became a worshipper of Ru the Awakened
  3145 | D:3      | Noticed Terence
  3146 | D:3      | Noticed Jessica
  3167 | D:2      | Killed Terence
  3420 | D:3      | Killed Jessica
  3420 | D:3      | Reached XP level 5. HP: 35/38 MP: 8/8
  3463 | D:3      | Reached skill level 5 in Maces & Flails
  3517 | D:3      | Noticed Grinder
  3547 | D:2      | Killed Grinder
  3547 | D:2      | Reached XP level 6. HP: 8/44 MP: 9/9
  3811 | D:3      | Found a runed translucent door.
  3895 | D:3      | Reached skill level 1 in Shields
  3895 | D:3      | Reached XP level 7. HP: 40/50 MP: 10/10
  4420 | D:3      | Found a runed translucent door.
  4420 | D:3      | Noticed Sigmund
  4420 | D:3      | Noticed Linguinho's ghost (amateur TrFi)
  4459 | D:3      | Killed Sigmund
  5325 | D:4      | Found a shimmering altar of Xom.
  5476 | D:4      | Gained mutation: You are sensitive to extremes of
                  | temperature. (rF-, rC-) [Ru sacrifice]
  5476 | D:4      | Reached * piety under Ru
  5476 | D:4      | Reached ** piety under Ru
  5732 | D:4      | Reached XP level 8. HP: 48/56 MP: 11/11
  5792 | D:4      | Noticed a two-headed ogre
  6246 | D:5      | Entered Level 5 of the Dungeon
  6268 | D:4      | Reached skill level 5 in Shields
  6371 | D:5      | Noticed Menkaure
  6757 | D:5      | Got a brightly glowing hand crossbow
  6802 | D:5      | Identified the cursed +1 hand crossbow "ETAOIN SHRDLU"
                  | {elec, rElec rC+ MR++ Int-3} (You found it on level 5 of
                  | the Dungeon)
  7267 | D:5      | Killed Menkaure
  7855 | D:5      | Reached XP level 9. HP: 51/61 MP: 12/12
  7993 | D:5      | Got a steaming hunting sling
  8458 | D:5      | Found a bloodstained altar of Trog.
  8458 | D:5      | Found an ornate altar of the Wu Jian Council.
  8724 | D:6      | Found a staircase to the Ecumenical Temple.
  8856 | Temple   | Entered the Ecumenical Temple
  8997 | D:6      | Noticed Eustachio
  9471 | Temple   | Killed Eustachio
  9715 | D:6      | Found the ring of Robustness {AC+8}
 10005 | D:6      | Found a basalt altar of Yredelemnul.
 10544 | D:7      | Noticed Dowan
 10544 | D:7      | Noticed Duvessa
 10607 | D:7      | Killed Duvessa
 10607 | D:7      | Reached skill level 10 in Maces & Flails
 10693 | D:7      | Killed Dowan
 10932 | D:7      | Reached XP level 10. HP: 52/70 MP: 13/13
 11029 | D:7      | You fall into a shaft and drop 2 floors!
 11050 | D:9      | Noticed Joseph
 11153 | D:8      | Noticed a two-headed ogre
 11172 | D:8      | Killed a two-headed ogre
 11179 | D:8      | Reached skill level 5 in Fighting
 11274 | D:8      | Noticed Maurice
 11342 | D:8      | Killed Maurice
 11342 | D:8      | Reached skill level 5 in Armour
 11555 | D:8      | Noticed Harold
 11567 | D:8      | Found a white marble altar of Elyvilon.
 11648 | D:8      | Noticed a two-headed ogre
 11656 | D:8      | Killed a two-headed ogre
 11656 | D:8      | Reached XP level 11. HP: 61/83 MP: 14/14
 12407 | D:8      | Found a shattered altar of Ashenzari.
 12508 | D:8      | Noticed Grum
 12524 | D:8      | Killed Grum
 12551 | D:8      | Found an iron altar of Okawaru.
 12583 | D:8      | Found a staircase to the Lair.
 13119 | D:8      | Killed Harold
 13444 | D:9      | Killed Joseph
 13447 | D:9      | Identified the +9 hunting sling of Conformity {speed, -Tele
                  | +Fly Str+3 Dex+7} (You found it on level 5 of the Dungeon)
 13534 | D:9      | Found a staircase to the Orcish Mines.
 13560 | D:9      | You fall into a shaft and drop 1 floor!
 13560 | D:10     | Entered Level 10 of the Dungeon
 13906 | D:9      | Gained mutation: You cannot read scrolls while threatened.
                  | [Ru sacrifice]
 13906 | D:9      | Reached *** piety under Ru
 14533 | D:9      | Found a runed translucent gate.
 14533 | D:9      | Found a runed translucent gate.
 14533 | D:9      | Found a runed translucent gate.
 14533 | D:9      | Noticed Xuwilil's ghost (novice GnFi)
 14543 | D:9      | Reached skill level 10 in Shields
 14859 | D:9      | Found a sparkling altar of Nemelex Xobeh.
 15060 | D:10     | Reached XP level 12. HP: 84/94 MP: 15/15
 15326 | D:10     | Found Villu's Armour Shoppe.
 15566 | D:11     | Noticed a two-headed ogre
 15567 | D:11     | Noticed a two-headed ogre
 15599 | D:11     | Killed a two-headed ogre
 15608 | D:11     | Killed a two-headed ogre
 16099 | D:11     | Gained mutation: You take slightly more damage. (AC -5) [Ru
                  | sacrifice]
 16099 | D:11     | Reached **** piety under Ru
 16099 | D:11     | Reached ***** piety under Ru
 16218 | D:11     | Noticed an unseen horror
 16234 | D:11     | Killed an unseen horror
 16390 | D:11     | Identified the +1 whip of Scorn {drain, Int+6 Dex+5} (You
                  | found it on level 11 of the Dungeon)
 16396 | D:11     | Noticed an unseen horror
 16412 | D:11     | Noticed an unseen horror
 16431 | D:11     | Killed an unseen horror
 16435 | D:11     | Killed an unseen horror
 16941 | D:12     | Reached skill level 10 in Fighting
 16961 | D:12     | Noticed a two-headed ogre
 16967 | D:12     | Killed a two-headed ogre
 16979 | D:12     | Noticed an unseen horror
 17109 | D:12     | Killed an unseen horror
 17377 | D:12     | Noticed a skeletal warrior
 17378 | D:12     | Noticed a skeletal warrior
 17379 | D:12     | Noticed a skeletal warrior
 17382 | D:12     | Noticed a skeletal warrior
 17580 | D:11     | Killed a skeletal warrior
 17580 | D:11     | Reached XP level 13. HP: 98/104 MP: 14/16
 18756 | D:12     | Found a portal to a secret trove of treasure.
 19364 | D:13     | Reached skill level 10 in Armour
 20297 | D:14     | Noticed a centaur warrior
 20641 | Lair:1   | Entered Level 1 of the Lair of Beasts
 20857 | Lair:1   | Reached skill level 1 in Evocations
 20894 | Lair:1   | Identified 3 scrolls of acquirement
 21372 | Lair:1   | Reached XP level 14. HP: 42/114 MP: 8/17
 22032 | Lair:2   | You fall into a shaft and drop 2 floors!
 22711 | Lair:2   | Found a staircase to the Snake Pit.
 22869 | Lair:2   | Noticed Gastronok
 22887 | Lair:2   | Killed Gastronok
 23356 | Lair:2   | Noticed Erica
 23370 | Lair:2   | Killed Erica
 24684 | Lair:4   | Found a runed translucent door.
 24685 | Lair:4   | Noticed Laummuim's ghost (journeyman FeFi)
 24778 | Lair:4   | Reached skill level 15 in Maces & Flails
 24889 | Lair:4   | Found a runed translucent door.
 24913 | Lair:4   | Found a staircase to the Shoals.
 25179 | Lair:4   | Reached skill level 5 in Evocations
 25227 | Lair:4   | Noticed an entropy weaver
 25259 | Lair:4   | Killed an entropy weaver
 25810 | Lair:4   | Noticed an entropy weaver
 25820 | Lair:4   | Killed an entropy weaver
 26041 | Lair:4   | Noticed an entropy weaver
 26048 | Lair:4   | Killed an entropy weaver
 26058 | Lair:4   | Reached XP level 15. HP: 99/120 MP: 17/18
 26553 | Lair:5   | Identified the +8 spear "Aqua" {flame, Str+5} (You found it
                  | on level 5 of the Lair of Beasts)
 27445 | Lair:6   | Entered Level 6 of the Lair of Beasts
 28844 | Lair:6   | Reached skill level 15 in Shields
 28977 | Lair:6   | Found a staircase to the Slime Pits.
 31947 | D:14     | Identified the +2 scale mail of Mental Paralysis {rF+ MP+9
                  | Int-3 SInv} (You found it on level 14 of the Dungeon)
 32062 | D:14     | Noticed a storm dragon
 32074 | D:14     | Killed a storm dragon
 32074 | D:14     | Reached XP level 16. HP: 107/127 MP: 21/21
 32938 | D:14     | Found a gate to the Vaults.
 33113 | D:15     | Entered Level 15 of the Dungeon
 34563 | D:15     | Found a staircase to the Depths.
 34968 | Orc:1    | Entered Level 1 of the Orcish Mines
 35150 | Orc:2    | Entered Level 2 of the Orcish Mines
 35527 | Orc:2    | Found a staircase to the Elven Halls.
 35806 | Orc:2    | Gained mutation: You are frail. (-10% HP) [Ru sacrifice]
 35806 | Orc:2    | Reached ****** piety under Ru
 37046 | Orc:2    | Found Hovvutih's Armour Shoppe.
 37049 | Orc:2    | Found Foibeisu's Magic Scroll Emporium.
 37050 | Orc:2    | Found Renuy's Food Shoppe.
 37051 | Orc:2    | Found Gefom's Jewellery Shoppe.
 37064 | Orc:2    | Identified the +0 pair of boots of the Teacher {*Contam rC+
                  | rCorr} (You acquired it on level 2 of the Orcish Mines)
 37083 | Orc:2    | Identified the +0 cloak of the Bagpipe {Str+2} (You
                  | acquired it on level 2 of the Orcish Mines)
 37518 | Orc:1    | Found a runed translucent gate.
 37518 | Orc:1    | Found a runed translucent gate.
 37518 | Orc:1    | Found a runed translucent gate.
 37529 | Orc:1    | Noticed lis82's ghost (journeyman DgFE)
 37529 | Orc:1    | Noticed Vol Vuv's ghost (journeyman DEFE)
 37601 | Orc:1    | Reached XP level 17. HP: 119/119 MP: 24/24
 38244 | Snake:1  | Entered Level 1 of the Snake Pit
 38252 | Snake:1  | Reached skill level 10 in Evocations
 39199 | Snake:1  | Got a bloodstained crystal plate armour
 39383 | Orc:2    | Bought a scroll of identify for 24 gold pieces
 39383 | Orc:2    | Identified the +12 crystal plate armour of Xaol {+Blink}
                  | (You acquired it on level 1 of the Snake Pit)
 39409 | Orc:2    | Bought the +0 cloak "Naeffeh" {rPois rF+ Str+3 Stlth+} for
                  | 381 gold pieces
 39855 | Snake:1  | Got a steaming amber ring
 41331 | Snake:2  | Found Uwnokip's Gadget Shop.
 41647 | Snake:3  | Reached XP level 18. HP: 121/128 MP: 25/25
 41955 | Snake:3  | Identified the ring of Doubts {Str+7 Int+4 Dex+4} (You
                  | acquired it on level 1 of the Snake Pit)
 42079 | Snake:3  | Noticed Vashnia
 42109 | Snake:3  | Killed Vashnia
 42551 | Snake:4  | Entered Level 4 of the Snake Pit
 44128 | Snake:4  | Reached skill level 15 in Fighting
 44641 | Snake:4  | Reached XP level 19. HP: 79/139 MP: 26/26
 45013 | Snake:4  | Got a serpentine rune of Zot
 45279 | Elf:1    | Entered Level 1 of the Elven Halls
 47070 | Elf:1    | Identified the Incunabulum of Companions
 47255 | Elf:2    | Found Ysuv's Magic Scroll Shop.
 47255 | Elf:2    | Found Weme's Gadget Shoppe.
 47263 | Elf:2    | Bought a scroll of acquirement for 936 gold pieces
 47264 | Elf:2    | Got a brightly glowing steel ring
 47266 | Elf:2    | Identified the ring of Eclyjuol {rC+ rN+} (You acquired it
                  | on level 2 of the Elven Halls)
 47322 | Elf:2    | Found Jodilif's Antique Armour Boutique.
 47444 | Elf:2    | Found Opnast's Antique Armour Shop.
 47450 | Elf:2    | Bought a pair of scorched gloves for 332 gold pieces
 47450 | Elf:2    | Bought a shiny large shield for 262 gold pieces
 47450 | Elf:2    | Identified the +1 pair of gloves "Sier" {Str+2} (You bought
                  | it in a shop on level 2 of the Elven Halls)
 47542 | Elf:2    | Found a frozen archway.
 47701 | IceCv    | Entered an ice cave
 48342 | Elf:2    | Found a runed translucent door.
 48368 | Elf:2    | Found a runed translucent door.
 48394 | Elf:2    | Found Kuathri's General Store.
 49254 | Elf:2    | Reached XP level 20. HP: 74/151 MP: 27/27
 50037 | Shoals:1 | Entered Level 1 of the Shoals
 50075 | Shoals:1 | Found Beniu's Antique Armour Emporium.
 54069 | Shoals:3 | Noticed Louise
 54087 | Shoals:3 | Killed Louise
 54355 | Shoals:4 | Entered Level 4 of the Shoals
 54534 | Shoals:4 | Noticed Bai Suzhen
 54561 | Shoals:4 | Killed Bai Suzhen
 54741 | Shoals:4 | Noticed Polyphemus
 55001 | Shoals:3 | Killed Polyphemus
 55206 | Shoals:4 | Reached XP level 21. HP: 158/160 MP: 28/28
 55260 | Shoals:4 | Got a barnacled rune of Zot
 55559 | Shoals:4 | Identified the +8 battleaxe "Itidytepp" {vamp, +Inv MR++}
                  | (You found it on level 4 of the Shoals)
 55720 | Shoals:4 | Identified Porefi Gienu's Volume of the Frostbite and
                  | Self-Improvement
 55969 | Shoals:4 | Found Raminn's Food Emporium.
 56472 | Elf:3    | Entered Level 3 of the Elven Halls
 56786 | Elf:3    | Reached skill level 1 in Axes
 56879 | Elf:3    | Gained mutation: Your flesh is cold resistant. (rC+) [a
                  | neqoxec]
 56923 | Elf:3    | Reached skill level 5 in Axes
 58027 | Elf:3    | Reached XP level 22. HP: 139/171 MP: 29/29
 58303 | Elf:3    | Found the +10 dark maul {crush}
 58317 | Elf:3    | Identified the Reference Book on Boosts and the Blaze
 58391 | Elf:3    | Found the +2 Maxwell's thermic engine {flame, freeze}
 58414 | Elf:3    | Identified the ring "Jeiwyol" {rC+ Str+4 Dex+4 Stlth+} (You
                  | found it on level 3 of the Elven Halls)
 58885 | Vaults:1 | Entered Level 1 of the Vaults
 58938 | Vaults:1 | Found Tugothol's Distillery.
 59518 | Vaults:1 | Reached skill level 15 in Armour
 60812 | Vaults:2 | Reached XP level 23. HP: 176/176 MP: 32/32
 61074 | Vaults:2 | Noticed Rupert
 61074 | Vaults:2 | Noticed Asterion
 61087 | Vaults:2 | Killed Asterion
 61090 | Vaults:2 | Killed Rupert
 61893 | Vaults:3 | Found Osacore's Gadget Boutique.
 62342 | Vaults:3 | Found a staircase to the Crypt.
 63749 | Vaults:4 | Reached XP level 24. HP: 183/183 MP: 34/34
 63766 | Vaults:4 | Noticed Saint Roka
 63787 | Vaults:4 | Killed Saint Roka
 63787 | Vaults:4 | Reached skill level 15 in Evocations
 63983 | Vaults:4 | Found Gitiseh's Antique Weapon Emporium.
 64427 | Vaults:4 | Reached skill level 10 in Axes
 64606 | Vaults:5 | Entered Level 5 of the Vaults
 64606 | Vaults:5 | Noticed a golden dragon
 64659 | Vaults:5 | Killed a golden dragon
 64950 | Vaults:5 | Identified the ring "Ycsil" {rN+ Stlth-} (You found it on
                  | level 5 of the Vaults)
 65579 | Vaults:5 | Noticed a golden dragon
 65579 | Vaults:5 | Noticed a golden dragon
 65593 | Vaults:5 | Killed a golden dragon
 65593 | Vaults:5 | Reached XP level 25. HP: 179/189 MP: 34/34
 66087 | Vaults:5 | Identified the cursed +1 whip of Potrurr {slash, +Fly rPois
                  | Dex+6}
 66087 | Vaults:5 | Identified the amulet "Tuzouh" {+Rage Str-5 Int+4 Dex+7}
 66172 | Vaults:5 | Got a silver rune of Zot
 66316 | Vaults:5 | Identified the +1 dire flail "Ant's Bane" {crush, rElec rF+
                  | Dex-4 SInv}
 66646 | Vaults:5 | Identified the +8 shortbow of Deformation {freeze, Int+4}
 66722 | Vaults:5 | Identified the +10 hand crossbow of the Pure Princes {elec,
                  | +Fly MR- Int+8 SInv}
 66839 | Vaults:5 | Identified the Papyrus of Shifting Necromancy
 67155 | Depths:1 | Entered Level 1 of the Depths
 67376 | Depths:1 | Reached skill level 15 in Axes
 67531 | Depths:1 | Found Rellaff's Jewellery Boutique.
 67532 | Depths:1 | Found Otuel's Gadget Shoppe.
 67533 | Depths:1 | Found Vautaen's Jewellery Boutique.
 67637 | Depths:1 | Reached XP level 26. HP: 191/196 MP: 34/34
 67767 | Depths:1 | You fall into a shaft and drop 1 floor!
 68359 | Depths:1 | Identified the Papyrus of Transmutation and Darkness
 68502 | Depths:1 | Found a gateway to Hell.
 68825 | Depths:2 | Reached skill level 1 in Charms
 69013 | Depths:2 | Noticed Sojobo
 69044 | Depths:2 | Killed Sojobo
 69316 | Depths:2 | Reached skill level 5 in Charms
 69617 | Depths:3 | Reached skill level 5 in Spellcasting
 69624 | Depths:3 | Learned a level 2 spell: Song of Slaying
 70024 | Depths:3 | Found a one-way gate leading to the halls of Pandemonium.
 70128 | Depths:3 | Identified the +7 hunting sling "Ijeprink" {velocity, rPois
                  | rC- Str+8 Dex-3}
 70160 | Depths:3 | Reached skill level 10 in Charms
 70170 | Depths:3 | Reached XP level 27. HP: 201/201 MP: 34/34
 70332 | Depths:3 | Found a bloodstained altar of Trog.
 70333 | Depths:3 | Found an ancient bone altar of Kikubaaqudgha.
 70334 | Depths:3 | Found a basalt altar of Yredelemnul.
 70334 | Depths:3 | Found a shimmering blue altar of Sif Muna.
 70492 | Depths:3 | Learned a level 6 spell: Simulacrum
 70749 | Depths:4 | Found a gateway to a ziggurat.
 70841 | Depths:4 | Found a one-way gate to the infinite horrors of the Abyss.
 70864 | Depths:4 | Noticed Xtahua
 70878 | Depths:4 | Reached skill level 10 in Spellcasting
 70897 | Depths:4 | Killed Xtahua
 70897 | Depths:4 | Reached skill level 1 in Necromancy
 70897 | Depths:4 | Reached skill level 1 in Ice Magic
 71281 | Depths:4 | Noticed a juggernaut
 71297 | Depths:4 | Noticed Margery
 71312 | Depths:4 | Killed a juggernaut
 71319 | Depths:4 | Killed Margery
 71770 | Depths:4 | Reached skill level 5 in Necromancy
 71770 | Depths:4 | Reached skill level 5 in Ice Magic
 71836 | Depths:4 | Noticed a juggernaut
 71851 | Depths:4 | Killed a juggernaut
 72269 | Depths:4 | Identified the cursed -5 pair of gloves "Lantyzu" {rN+
                  | Dex+4} (You found it on level 4 of the Depths)
 72359 | Depths:5 | Entered Level 5 of the Depths
 72439 | Depths:5 | Identified the amulet "Naki Vaf" {Acrobat Str+2} (You
                  | acquired it on level 5 of the Depths)
 73629 | Depths:5 | Found a gate to the Realm of Zot.
 73673 | Depths:5 | Identified the ring "Waon" {Wiz rElec}
 73748 | Depths:5 | Reached skill level 10 in Necromancy
 73748 | Depths:5 | Reached skill level 10 in Ice Magic
 74644 | Slime:1  | Entered Level 1 of the Pits of Slime
 74814 | Slime:2  | Gained mutation: You are partially covered in iridescent
                  | scales. (AC +2) [a shining eye]
 74859 | Slime:2  | Gained mutation: Your body sometimes deteriorates upon
                  | taking damage. [a shining eye]
 75159 | Slime:4  | Gained mutation: You are dopey. (Int -2) [a shining eye]
 75313 | Slime:4  | Lost mutation: Your body sometimes deteriorates upon taking
                  | damage. [potion of mutation]
 75313 | Slime:4  | Lost mutation: Your flesh is cold resistant. (rC+) [potion
                  | of mutation]
 75313 | Slime:4  | Lost mutation: You are dopey. (Int -2) [potion of mutation]
 75313 | Slime:4  | Gained mutation: You have a somewhat thin skeletal
                  | structure. (Dex +2, Stealth) [potion of mutation]
 75415 | Slime:5  | Entered Level 5 of the Pits of Slime
 75430 | Slime:5  | Gained mutation: You are clumsy. (Dex -2) [a shining eye]
 75861 | Slime:5  | Noticed the Royal Jelly
 75880 | Slime:5  | Killed the Royal Jelly
 76250 | Slime:5  | Identified the cursed +3 battleaxe "Xudauf" {freeze, +Rage
                  | rC+} (You found it on level 5 of the Pits of Slime)
 76259 | Slime:5  | Identified the amulet of Bopaam {Spirit rC+} (You found it
                  | on level 5 of the Pits of Slime)
 76286 | Slime:5  | Got a slimy rune of Zot
 76288 | Slime:5  | Identified the ring of the Solstice {*Slow +Fly Int+5} (You
                  | found it on level 5 of the Pits of Slime)
 76321 | Slime:5  | Identified the Reference Book on Entrancing Feathers
 76859 | Zot:1    | Entered Level 1 of the Realm of Zot
 77027 | Zot:1    | Found the +12 glaive of Prune {chop}
 78387 | Zot:2    | Identified the +10 triple crossbow "Wusujiwn" {elec, +Blink
                  | +Inv Str+4} (You found it on level 2 of the Realm of Zot)
 79933 | Zot:3    | Reached skill level 15 in Necromancy
 79933 | Zot:3    | Reached skill level 15 in Ice Magic
 80139 | Zot:3    | Identified the +4 spear "Cukuca" {pierce, *Slow rN++ Dex+2}
                  | (You found it on level 3 of the Realm of Zot)
 80353 | Zot:3    | Identified Leyczub's Almanac of the Flamy Traveller
 80832 | Zot:3    | Identified the amulet "Jorphoc" {+Rage rN+ Slay+2} (You
                  | found it on level 3 of the Realm of Zot)
 80989 | Zot:4    | Noticed an orb of fire
 81005 | Zot:4    | Gained mutation: You possess an exceptional clarity of
                  | mind. [an orb of fire]
 81010 | Zot:4    | Gained mutation: Scrolls take you a little longer to read.
                  | [an orb of fire]
 81019 | Zot:4    | Gained mutation: Armour fits poorly on your strangely
                  | shaped body. [an orb of fire]
 81027 | Zot:3    | Killed an orb of fire
 82966 | Zot:5    | Entered Level 5 of the Realm of Zot
 83984 | Zot:5    | Learned a level 6 spell: Death Channel
 84132 | Zot:5    | Noticed an ancient lich
 84152 | Zot:5    | Killed an ancient lich
 84220 | Zot:5    | Noticed a Killer Klown
 84582 | Zot:5    | Killed a Killer Klown
 84626 | Zot:5    | Noticed an orb of fire
 84626 | Zot:5    | Noticed a Killer Klown
 84642 | Zot:5    | Killed a Killer Klown
 84678 | Zot:5    | Killed an orb of fire
 84684 | Zot:5    | Noticed an orb of fire
 84709 | Zot:5    | Noticed an ancient lich
 84709 | Zot:5    | Noticed a Killer Klown
 84720 | Zot:5    | Gained mutation: You are very clumsy. (Dex -4) [an orb of
                  | fire]
 84730 | Zot:5    | Killed an ancient lich
 84730 | Zot:5    | Noticed a juggernaut
 84730 | Zot:5    | a Killer Klown changed into a juggernaut
 84731 | Zot:5    | Killed an orb of fire
 84735 | Zot:5    | HP: 5/201 [electric golem/bolt of lightning (12)]
 84739 | Zot:5    | Annihilated by a juggernaut

Levels and vault maps discovered:
D:1:      dpeg_arrival_prison, layout_basic
D:2:      wad_crossroads, layout_loops_corners, nicolae_dithmenos_shadow_blocks
D:3:      layout_rooms, grunt_temple_overflow_open, first_ration,
          ebering_ghost_sewer_f, minmay_statues_item, uniq_terence,
          uniq_grinder, uniq_sigmund, uniq_jessica
D:4:      layout_gridville, tgw_xom, roderic_lattice_a
D:5:      corexii_shantytown, layout_layer_cave,
          gammafunk_temple_overflow_elements, dk_noncrumbling_3, uniq_menkaure
D:6:      layout_loops_corners, yredelemnul_forgotten_temple_becter,
          minmay_temple_entry_drinking_statues, uniq_eustachio
D:7:      layout_gridville, uniq_duvessa
D:8:      layout_basic, lemuel_coloured_pillars_altar,
          kennysheep_okawaru_gauntlet, kennysheep_mini_moat,
          grunt_lair_entry_orc_guard_hut, nicolae_ossuary_entry_monument,
          uniq_maurice, uniq_grum, uniq_harold
D:9:      layout_long_grid, hiddenorc2_lemuel, gammafunk_ghost_split,
          hangedman_pestilent_swarm, nemelex_lonely_heart_becter, uniq_joseph
D:10:     layout_gridville, kennysheep_windowed_goal
D:11:     layout_basic, minivault_11, chequers_decorated_corner,
          chequers_serial_rivers_marsh, minmay_strange_pillars,
          due_unseen_surprise
D:12:     layout_cave_pools, nicolae_trove_entry_crossroad
D:13:     layout_long_grid
D:14:     layout_rooms, grunt_vaults_entry_fortified, minivault_14, hex_large,
          evilmike_minifort
D:15:     hangedman_depths_entry_civil_slaughter, layout_cave_pools,
          minmay_misc_feat_iff
Temple:   jpeg_temple_clearing
Lair:1:   layout_regular_city, beast_lair_carwin_10
Lair:2:   layout_cave_pods, minmay_snake_entry_guardpost_medium, uniq_gastronok,
          uniq_erica
Lair:3:   layout_gridlike, minmay_lindwurm_lava, grunt_megastairs_1,
          lemuel_fruit_fields
Lair:4:   gammafunk_mikee_crab_dinner, layout_small_grid,
          elwin_shoals_entry_rocks, ebering_ghost_inner_flame, st_stairs_11
Lair:5:   layout_cave_pods, beast_lair_carwin_6
Lair:6:   minmay_lair_end_enchanted_forest, layout_concentric_octagons,
          minmay_slime_entry_pillars, serial_bayou_shore_a
Shoals:1: layout_shoals, serial_shops, shop_fountains
Shoals:2: layout_shoals
Shoals:3: layout_shoals, nicolae_shoals_kraken_party, uniq_louise
Shoals:4: shoals_end_grunt_garden, layout_shoals, serial_shops,
          nicolae_shop_window_shopping, uniq_bai_suzhen, uniq_polyphemus
Snake:1:  layout_onion, nicolae_snake_springs
Snake:2:  layout_rooms, serial_shops, nicolae_shop_window_shopping,
          serial_bayou_lagoon_b
Snake:3:  layout_rooms, uniq_vashnia
Snake:4:  minmay_snake_end_coiled, layout_grid_maze, drop_trap, st_stairs_1,
          hangedman_venom_bottle
Slime:1:  layout_caves, cheibrodos_slime_lost_civilization_5
Slime:2:  layout_caves
Slime:3:  layout_caves
Slime:4:  layout_caves
Slime:5
Orc:1:    layout_caves, special_room [special_room_orc],
          gammafunk_ghost_cemetery
Orc:2:    st_orc_pillars, layout_caves
Elf:1:    minmay_elf_arrival_plus, layout_loops_corners,
          hangedman_elven_crosses_minicolossus, drop_trap,
          minmay_misc_feat_rows, minmay_elf_demonology
Elf:2:    layout_loops_corners, portal_ice_cave_entry_pillars_three,
          serial_shops, nicolae_shop_temple_entry_statues_fountains, shop, shop,
          nicolae_shop_waterfront, nicolae_shop_stone
Elf:3:    minmay_elf_hall_four_x, layout_loops_ring, st_stairs_7
Vaults:1: vaults_mumra_minichess_inversion, v_rooms_3, v_rooms_5,
          vaults_dpeg_diagonal, nicolae_vaults_meeting, v_misc_8,
          nicolae_vaults_network_square, hangedman_vaults_slice,
          ontoclasm_vaults_chip, hangedman_vaults_stretched_pinwheel,
          layout_vaults_ring, serial_shops, nicolae_shop_stone
Vaults:2: dpeg_vaults_monster_box, v_pattern_3, v_misc_32,
          vaults_room_large_hall, vaults_dpeg_hooks, nicolae_vaults_asterisk,
          v_misc_17, v_misc_16, sword_in_stone, nicolae_vaults_shelves_hall,
          grunt_vaults_twisty, v_misc_14, layout_vaults_big_room
Vaults:3: minmay_crypt_entry_simple_plaza, v_pattern_5, v_rooms_6, v_misc_24,
          nicolae_vaults_alarming, layout_vaults_omnigrid, serial_shops,
          nicolae_shop_statue_plus
Vaults:4: nicolae_vaults_ring_of_whatevers, v_pattern_4,
          nicolae_vaults_three_branches, hangedman_vaults_slice, st_diamondy,
          hangedman_vaults_maws, v_misc_12, v_misc_9, grunt_vaults_hallway_long,
          vaults_room_semicircle, layout_vaults_big_cross, serial_shops, shop,
          uniq_saint_roka
Vaults:5
Depths:1: layout_roguey, hell_entry, special_room [special_room_magic_class],
          kennysheep_generic_room_2, minmay_shop_grove,
          kennysheep_random_hallway
Depths:2: minmay_connected_boxes_in_corner, layout_long_grid, pf_coc_iceberg,
          serial_glass, glass_columns_b, glass_columns_a, uniq_sojobo
Depths:3: minmay_the_grid_octo_tiled_octocenter_mashed
          [minmay_the_grid_octo_shrine, minmay_the_grid_octo_toaster,
          minmay_the_grid_octo_concentric, minmay_the_grid_octo_horde,
          minmay_the_grid_octo_prize_ultimate_mussel_roller,
          minmay_the_grid_square_5x5_forky, minmay_the_grid_square_5x5_minimal,
          minmay_the_grid_square_5x5_seven, minmay_the_grid_square_5x5_lines],
          layout_gridlike, pan_entry, hex_intersection, hell_entry
Depths:4: hangedman_stitches_corridor, layout_cave_pools, enter_ziggurat_f,
          grunt_metal_band, abyss_entry, uniq_xtahua
Depths:5: lemuel_castle_with_subvaults [lemuel_castle_interior_carwin_1],
          layout_cave_pools, nicolae_twisting_strands, rand_demon_pan_entry_7,
          hell_entry
Zot:1:    layout_onion_interference, grunt_megastairs_3
Zot:2:    layout_cathedral_of_symmetry, st_small_dragon_hoard_3
Zot:3:    layout_twisted_circle, st_large_dragon_hoard_4
Zot:4:    layout_twisted_circle
Zot:5:    layout_cathedral_of_symmetry, guppyfry_library_mini

Skill      XL: |  1  2  3  4  5  6  7  8  9 10 11 12 13 14 15 16 17 18 19 20 21 22 23 24 25 26 27 |
---------------+----------------------------------------------------------------------------------+-----
Maces & Flails | 3 4 6 7 8 10 11 12 13 14 15 17 19 20 | 20.0
Shields        | 1 4 6 9 10 11 13 14 15 17 18 20 | 20.0
Fighting       | 3 6 8 10 11 12 13 15 17 18 20 | 20.0
Armour         | 5 7 8 10 11 14 16 17 19 20 | 20.0
Evocations     | 2 5 6 9 10 13 14 15 | 15.0
Axes           | 5 9 12 15 17 | 17.1
Charms         | 10 12 | 12.0
Spellcasting   | 7 10 | 10.0
Necromancy     | 18 | 18.8
Ice Magic      | 18 | 18.8
Throwing       | |  1.0
Dodging        | |  1.7
Translocations | |  2.6

Action                   |  1- 3 |  4- 6 |  7- 9 | 10-12 | 13-15 | 16-18 | 19-21 | 22-24 | 25-27 || total
-------------------------+-------+-------+-------+-------+-------+-------+-------+-------+-------++-------
Melee: Dagger            |    80 |       |       |       |       |       |       |       |       ||    80
       Mace              |    12 |       |       |       |       |       |       |       |       ||    12
       Whip              |    21 |    78 |   721 |       |       |       |       |       |       ||   820
       Flail             |       |       |       |   886 |    45 |       |       |       |       ||   931
       Dire flail        |       |       |       |       |   485 |       |       |       |       ||   485
       Great mace        |       |       |       |       |  1035 |  1505 |  1171 |       |    25 ||  3736
       Battleaxe         |       |       |       |       |       |       |   350 |  1330 |  3575 ||  5255
 Fire: Arbalest          |       |       |       |       |       |       |       |       |     2 ||     2
Throw: Stone             |       |       |       |    10 |       |       |       |       |       ||    10
       Throwing net      |       |       |       |     2 |       |       |       |       |     1 ||     3
 Cast: Song of Slaying   |       |       |       |       |       |       |       |       |     4 ||     4
       Death Channel     |       |       |       |       |       |       |       |       |     3 ||     3
Invok: Sacrifice Resista |       |       |     1 |       |       |       |       |       |       ||     1
       Reject Sacrifices |       |       |     1 |       |     2 |       |       |       |       ||     3
       Sacrifice Words   |       |       |       |     1 |       |       |       |       |       ||     1
       Sacrifice Health  |       |       |       |     1 |       |     1 |       |       |       ||     2
       Apocalypse        |       |       |       |       |       |     1 |       |       |     4 ||     5
       Draw Out Power    |       |       |       |       |       |       |       |     1 |       ||     1
 Abil: Dig               |       |       |     6 |     5 |     7 |    19 |    16 |       |     2 ||    55
Evoke: Wand              |       |       |       |     8 |     1 |       |     3 |       |       ||    12
       Box of beasts     |       |       |       |       |       |       |     1 |       |     1 ||     2
  Use: Scroll            |     1 |       |    10 |     6 |    15 |    16 |    14 |     4 |    32 ||    98
       Potion            |       |     4 |       |       |     1 |     3 |     4 |     3 |     9 ||    24
 Stab: Invisible         |       |       |     3 |     1 |     6 |    12 |     7 |     4 |    36 ||    69
       Distracted        |       |       |     1 |     4 |     6 |    11 |     9 |     7 |    21 ||    59
       Held in net/web   |       |       |       |     1 |       |       |       |       |     1 ||     2
       Sleeping          |       |       |       |       |     1 |       |       |       |       ||     1
       Paralysed         |       |       |       |       |     1 |     9 |     4 |     4 |    18 ||    36
       Petrifying        |       |       |       |       |     1 |       |       |       |       ||     1
       Confused          |       |       |       |       |       |       |       |       |     3 ||     3
  Eat: Chunk             |     1 |     5 |    17 |    18 |    39 |    26 |    28 |    22 |    38 ||   194
       Ration            |     1 |       |     2 |     3 |     3 |     7 |     5 |     1 |     9 ||    31
Armor: Leather armour    |    26 |     4 |       |       |       |       |       |       |       ||    30
       Scale mail        |       |    16 |   112 |    95 |       |       |       |       |       ||   223
       Plate armour      |       |       |   154 |       |       |       |       |       |       ||   154
       Ring mail         |       |       |       |   215 |   417 |    31 |       |       |       ||   663
       Chain mail        |       |       |       |       |    70 |    24 |       |       |       ||    94
       Storm dragon scal |       |       |       |       |       |   146 |       |       |       ||   146
       Crystal plate arm |       |       |       |       |       |   179 |   759 |   575 |   494 ||  2007
       Gold dragon scale |       |       |       |       |       |       |       |       |   662 ||   662
Dodge: Dodged            |    58 |    22 |   151 |   283 |   458 |   169 |   222 |   157 |   317 ||  1837
Block: Shield            |       |    11 |   278 |   471 |   893 |   874 |   123 |       |       ||  2650
       Reflection        |       |       |       |       |     7 |    99 |   130 |   119 |   128 ||   483
       Large shield      |       |       |       |       |       |       |  1438 |  1479 |  2842 ||  5759
